 Dungeon Crawl Stone Soup version 0.28.0-47-ge53b351184 (webtiles) character file.

Game seed: 760572363367425324

5 CryoSword the Firebug (level 1, 0/13 HPs)
             Began as a Demonspawn Fire Elementalist on Apr 26, 2022.
             Slain by a jackal (1 damage)
             ... on level 1 of the Dungeon.
             The game lasted 00:00:26 (130 turns).

CryoSword the Firebug (Demonspawn Fire Elementalist) Turns: 130, Time: 00:00:27

Health: 0/13       AC:  2    Str:  8    XL:     1   Next: 66%
Magic:  0/3        EV: 12    Int: 16    God:
Gold:   10         SH:  0    Dex: 13    Spells: 3/4 levels left

rFire   . . .      SeeInvis .   b - +0 war axe
rCold   . . .      Faith    .   (no shield)
rNeg    . . .      Spirit   .   a - +0 robe
rPois   .          Reflect  .   (no helmet)
rElec   .          Harm     .   (no cloak)
rCorr   .          Rampage  .   (no gloves)
Will    .....                   (no boots)
Stlth   ++........              (no amulet)
HPRegen 0.04/turn               (no ring)
MPRegen 0.08/turn               (no ring)

@: no status effects
A: no striking features
a: no special abilities


You were on level 1 of the Dungeon.
You visited 1 branch of the dungeon, and saw 1 of its levels.

You collected 10 gold pieces.

Inventory:

Hand Weapons
 b - a +0 war axe (weapon)
   (You found it on level 1 of the Dungeon)
Armour
 a - a +0 robe (worn)


   Skills:
 - Level 1.7 Dodging
 - Level 1.7 Stealth
 - Level 2.0 Spellcasting
 + Level 1.4 Conjurations
 + Level 2.9 Fire Magic


You had 3 spell levels left.
You knew the following spells:

 Your Spells              Type           Power      Damage    Failure   Level
a - Foxfire               Conj/Fire      32%        2x1d5     9%          1

Your spell library contained the following spells:

 Spells                   Type           Power      Damage    Failure   Level
 Scorch                   Fire           20%        2d6       10%         2
 Conjure Flame            Conj/Fire      8%         6-21      26%         3
 Inner Flame              Hex/Fire       6%         N/A       34%         3
 Flame Wave               Conj/Fire      8%         2d5       65%         4


Dungeon Overview and Level Annotations

Branches:
Dungeon (1/15)

Altars:

Shops:
D:1 !


Message History

Welcome, CryoSword the Demonspawn Fire Elementalist.
Below lies the Orb of Zot, rumoured to be powerful enough to resurrect a god...
Found a war axe.
Found a staircase leading out of the dungeon.
Could not explore, unopened door.
Could not explore, unopened door.
No target in view!
You open the door.
There is an open door here.
Could not explore, unopened door.
You open the door.
You see here a +0 war axe.
b - a +0 war axe
b - a +0 war axe (weapon)
You open the door.
There is an open door here.
Could not explore, unopened door.
Could not explore, unopened door.
You open the door.
Found 10 gold pieces.
There is an open door here.
You now have 10 gold pieces.
There is an open door here.
Key pressed, stopping explore.
You open the door.
A kobold comes into view. It is wielding a +0 club.
A kobold is nearby!
A kobold is nearby!
You conjure some foxfire!
The foxfire hits the kobold.
The kobold shouts!
The foxfire hits the kobold.
You kill the kobold!
There is an open door here.
Things that are here:
a +0 club; a kobold corpse Could not explore, unopened door.
Could not explore, unopened door.
You open the door. 4 jackals come into view.
Found 20 stones.
Found a stone staircase leading down.
There are monsters nearby!
There are monsters nearby!
The jackal barks! x4
There is an open door here.
The jackal bites you but does no damage.
You conjure some foxfire!
The jackal bites you but does no damage.
You conjure some foxfire!
The foxfire hits the jackal. x2
You kill the jackal!
The jackal closely misses you.
The jackal bites you but does no damage.
The jackal barely misses you.
You conjure some foxfire!
The foxfire hits the jackal. x2
The jackal bites you but does no damage.
The jackal closely misses you. The jackal barely misses you.
The jackal bites you.
You don't have enough magic to cast this spell.
You hit the jackal.
You kill the jackal!
You barely miss the jackal. You hit the jackal but do no damage.
The foxfire hits the jackal.
The jackal bites you.
The jackal barely misses you. x2; The jackal bites you.
You miss the jackal. You barely miss the jackal. The jackal barely misses you.
The jackal bites you. The jackal closely misses you. x2
You are too injured to fight recklessly!
You are too injured to fight recklessly!
You don't have enough magic to cast this spell.
Found Osirio's Distillery.
The jackal barely misses you. The jackal closely misses you. x2
You see here a jackal corpse.
The jackal bites you.
You closely miss the jackal. You barely miss the jackal.
The jackal barely misses you.
The jackal bites you but does no damage.
The jackal closely misses you.
The jackal bites you but does no damage.
You barely miss the jackal. You closely miss the jackal. The jackal misses you.
The jackal barely misses you. The jackal bites you.
The jackal closely misses you.
You barely miss the jackal. You completely miss the jackal.
The jackal barely misses you. The jackal bites you.
* * * LOW HITPOINT WARNING * * *
The jackal bites you but does no damage.
The jackal bites you.
* * * LOW HITPOINT WARNING * * *
The jackal barely misses you.
You hit the jackal.
You kill the jackal!
You closely miss the jackal. The jackal misses you. The jackal bites you.
* * * LOW HITPOINT WARNING * * *
You conjure some foxfire!
The jackal closely misses you.
You barely miss the jackal.
The foxfire hits the jackal. x2
The jackal bites you but does no damage.
The jackal bites you.
* * * LOW HITPOINT WARNING * * *
You barely miss the jackal. The jackal bites you.
You die...

# ########### .#
#..(......##...
#...........∩..
#.......§....# #.....h@§#
#.....†..## #.........#
#..###'#### ..
#..###.##### .
#..........# ..........
#.####.###.# ..........
........# #)#####.......#
#.#########'##..........#


You could see a jackal.

Vanquished Creatures
  3 jackals (D:1)
  A kobold (D:1)
4 creatures vanquished.

Vanquished Creatures (others)
  9 foxfires (D:1)
9 creatures vanquished.

Grand Total: 13 creatures vanquished

Notes
Turn   | Place    | Note
-------+----------+-------------------------------------------
     0 | D:1      | CryoSword the Demonspawn Fire Elementalist began the quest
                  | for the Orb.
     0 | D:1      | Reached XP level 1. HP: 13/13 MP: 3/3
   122 | D:1      | Found Osirio's Distillery.
   130 | D:1      | Slain by a jackal

Illustrated notes

Levels and vault maps discovered:
D:1:      amcnicky_arrival_feature_with_door, layout_basic,
          shapermc_ecumenical_altar_mp_ritualfount, serial_shops,
          nicolae_square_shop, chequers_serial_rivers_marsh

Action                   || total
-------------------------++-------
Melee: War axe           ||     8
 Cast: Foxfire           ||     5
Armor: Robe              ||     8
Dodge: Dodged            ||    21
